 Dungeon Crawl Stone Soup version 0.26-a0-810-ge1a9524b62 (webtiles) character file.

Game seed: 2777747707368182025

117 muata the Skirmisher (level 4, -5/41 HPs)
             Began as a Minotaur Berserker on Nov 12, 2020.
             Was a Believer of Trog.
             Slain by Natasha (7 damage)
             ... on level 2 of the Dungeon.
             The game lasted 00:03:49 (2326 turns).

muata the Skirmisher (Minotaur Berserker)           Turns: 2326, Time: 00:03:50

Health: -5/41      AC:  5    Str: 22    XL:     4   Next: 71%
Magic:  3/3        EV: 11    Int:  4    God:    Trog [**....]
Gold:   107        SH:  0    Dex: 10    Spells: 3/3 levels left

rFire    . . .     SeeInvis .   a - +0 hand axe
rCold    . . .     Faith    .   (no shield)
rNeg     . . .     Spirit   .   p - +0 ring mail
rPois    .         Reflect  .   (helmet restricted)
rElec    .         Harm     .   (no cloak)
rCorr    .         Rampage  .   (no gloves)
MR       ++...                  (no boots)
Stlth    ..........             (no amulet)
HPRegen  1.13/turn              (no ring)
MPRegen  0.08/turn              (no ring)

@: berserk cooldown, regenerating, slowed, very slow
A: retaliatory headbutt, horns 2
a: Berserk, Trog's Hand, Renounce Religion


You were on level 2 of the Dungeon.
You worshipped Trog.
Trog was pleased with you.
You visited 1 branch of the dungeon, and saw 2 of its levels.

You collected 107 gold pieces.

Inventory:

Hand Weapons
 a - a +0 hand axe (weapon)
Missiles
 f - 4 curare-tipped darts (quivered)
Armour
 b - a +0 animal skin
 p - a +0 ring mail (worn)
Scrolls
 c - a scroll of blinking {unknown}
 d - a scroll of enchant weapon {unknown}
 g - 2 scrolls of identify {unknown}
 h - a scroll of random uselessness {unknown}
 i - a scroll of fear {unknown}
 l - 2 scrolls of teleportation {unknown}
 q - a scroll of enchant armour {unknown}
 r - a scroll of amnesia {unknown}
Potions
 e - a potion of curing
 j - 2 potions of attraction {unknown}
 k - a potion of flight {unknown}
 m - a potion of haste {unknown}
 n - a potion of heal wounds {unknown}
 o - a potion of berserk rage {unknown}


   Skills:
 + Level 4.9 Fighting
 + Level 4.9 Axes
 + Level 3.7 Armour
 - Level 2.3 Dodging


You had 3 spell levels left.
You didn't know any spells.
Your spell library was empty.

Dungeon Overview and Level Annotations

Branches:
Dungeon (2/15)

Altars:

Annotations:
D:2 Natasha


Innate Abilities, Weirdness & Mutations

You reflexively headbutt those who attack you in melee.
You have a pair of horns on your head.


Message History

Natasha mumbles some strange words.
You hit Natasha but do no damage.
Natasha is lightly wounded.
You hit the crimson imp. Natasha claws you.
* * * LOW HITPOINT WARNING * * *
The crimson imp hits you but does no damage.
Natasha casts a spell at you.
You feel as though you will be slow longer.
Your skin crawls.
You feel resistant to hostile enchantments.
The crimson imp barely misses you. Natasha claws you.
* * * LOW HITPOINT WARNING * * *
The crimson imp hits you.
* * * LOW HITPOINT WARNING * * *
You slash Natasha!
Natasha is severely wounded.
You closely miss the crimson imp. Natasha claws you.
* * * LOW HITPOINT WARNING * * *
The crimson imp barely misses you. Natasha claws you!
You die...

...#####.......# #......# ...#
####.#..# #....### ...# #.####
#.#..# ...# #.# #.#..# ...# #.#
####.#..# ...####
#)###.......##
......#####.##.........#
#####....##.#....h.....########
####.##.....@.............#
#.........5.....##.....#
####............##.....#
##...).......##.....#
#.........#.########
##..........# #..........#
#..........#
#############..........#


You could see Natasha and a crimson imp (summoned).

Vanquished Creatures
  Natasha (twice) (D:2)
  An adder (D:2)
  2 worms (D:2)
  4 dart slugs (D:1)
  2 leopard geckos (D:1)
  4 giant cockroaches
  5 goblins
  6 hobgoblins
  A quokka (D:2)
  5 bats
  A frilled lizard (D:2)
  8 kobolds
  3 rats (D:1)
44 creatures vanquished.

Notes
Turn   | Place    | Note
-------+----------+-------------------------------------------
     0 | D:1      | muata the Minotaur Berserker began the quest for the Orb.
     0 | D:1      | Reached XP level 1. HP: 19/19 MP: 0/0
   574 | D:1      | Reached XP level 2. HP: 27/27 MP: 1/1
   854 | D:1      | Reached XP level 3. HP: 31/33 MP: 2/2
  1512 | D:2      | Reached ** piety under Trog
  1949 | D:2      | Noticed Natasha
  1958 | D:2      | Killed Natasha
  1958 | D:2      | Reached XP level 4. HP: 22/41 MP: 3/3
  2291 | D:2      | Noticed Natasha
  2304 | D:2      | Killed Natasha
  2316 | D:2      | Noticed Natasha
  2326 | D:2      | HP: 2/41 [Natasha (4)]
  2326 | D:2      | Slain by Natasha

Illustrated notes

Levels and vault maps discovered:
D:1:      minmay_arrival_wavy_path, layout_basic, minmay_distorted
D:2:      layout_rooms, minmay_rat_hole, uniq_natasha

Skill      XL: |  1  2  3 |
---------------+----------+-----
Fighting       | 4 |  4.9
Axes           | 4 |  4.9
Armour         | 3 |  3.7
Dodging        | |  2.3

Action                   |  1- 3 |  4- 6 || total
-------------------------+-------+-------++-------
Melee: Hand axe          |    79 |    20 ||    99
       Headbutt          |     8 |     2 ||    10
Invok: Berserk           |     1 |     1 ||     2
       Trog's Hand       |       |     1 ||     1
Armor: Animal skin       |    20 |     1 ||    21
       Ring mail         |       |     6 ||     6
Dodge: Dodged            |    76 |    14 ||    90

Table legend: (Time is in decaauts)
 A = Elapsed time spent in this place.
 B = Non-inter-level travel time spent in this place.
 C = Inter-level travel time spent in this place.
 D = Time resting spent in this place.
 E = Time spent auto-exploring this place.
 F = Levels seen in this place.
 G = Mean time per level.
                   A        B        C        D        E       F      G
               +--------+--------+--------+--------+--------+-----+--------+
         Total |   2355 |   2222 |    133 |    152 |   1670 |   2 | 1177.5 |
       Dungeon |   2355 |   2222 |    133 |    152 |   1670 |   2 | 1177.5 |
               +--------+--------+--------+--------+--------+-----+--------+

Top non-repeatable levels by time:
     D:1: 1403 daAuts
     D:2: 952 daAuts
